cohdb
Replays
Latest Replays
All Replays
Popular Replays
Top Player Replays
Match Explorer
How It Works
Community
CoH3 Stats
Reddit
Sign in to upload your games and track your stats! →
Sign in with Steam
Match 42071003
Unlisted
Match 42071003
Overview
Messages
Build Orders
End
Construct Infanterie Kompanie
Selects Mechanized Battlegroup
Grenadier Squad
MG 42 Machine Gun Team
Grenadier Squad
Construct Luftwaffe Kompanie
GrW 34 Mortar Team
221 Scout Car
Selects Mobile Repair Stations
Medical Station
Support Elements
Jäger Squad
Wirbelwind Flakpanzer
Luftwaffe Officer Quarters
Selects Raid Package
Side Skirts
Jäger Squad
qZeto
BIOHAZARD
Anubis
Panico&Delirio
0
0
Comments
sign in to comment!
No comments posted yet!